 Dungeon Crawl Stone Soup version 0.18-a0-1426-g3b9a63c (webtiles) character file.

108 Goblin1989 the Slasher (level 4, -5/33 HPs)
             Began as a Demonspawn Gladiator on Feb 27, 2016.
             Slain by a worker ant (7 damage)
             ... on level 3 of the Dungeon.
             The game lasted 00:04:52 (2458 turns).

Goblin1989 the Slasher (Demonspawn Gladiator)       Turns: 2458, Time: 00:04:52

Health: -5/33      AC:  6    Str: 15    XL:     4   Next: 58%
Magic:  4/4        EV: 10    Int: 10    God:
Gold:   129        SH:  7    Dex: 14    Spells: 1 memorised, 1 level left

rFire  . . .     SeeInvis .     a - +0 long sword
rCold  . . .     Gourm    .     e - +0 ring mail
rNeg   . . .     Faith    .     l - +0 shield
rPois  .         Spirit   .     c - +0 helmet
rElec  .         Dismiss  .     (no cloak)
rCorr  .         Reflect  .     (no gloves)
SustAt .         Harm     .     (no boots)
MR     .....                    (no amulet)
Stlth  +.........               (no ring)
                                (no ring)

@: lethally poisoned (-5 -> -10), not resistant to hostile enchantments, very
unstealthy
A: talons 1, repulsion field 1
a: no special abilities


You were on level 3 of the Dungeon.
You were very hungry.

You visited 1 branch of the dungeon, and saw 4 of its levels.

You collected 129 gold pieces.

Inventory:

Hand Weapons
 a - a +0 long sword (weapon)
Missiles
 d - 3 throwing nets (quivered)
Armour
 c - a +0 helmet (worn)
 e - a +0 ring mail (worn)
 l - a +0 shield (worn)
Jewellery
 u - an uncursed ring of sustain attributes {unknown}
Scrolls
 b - a scroll of enchant armour {unknown}
 g - 2 scrolls of remove curse
 h - a scroll of fog {unknown}
 m - 2 scrolls of enchant weapon {unknown}
 o - 2 scrolls of identify {unknown}
 q - a scroll of noise {unknown}
 v - a scroll of fear {unknown}
Potions
 j - a potion of berserk rage {unknown}
 n - a potion of might {unknown}
 p - a potion of degeneration {unknown}
 r - a potion of heal wounds {unknown}
Books
 s - a book of Minor Magic

   Spells                             Type                      Level
   a - Magic Dart                     Conjuration                  1
   b - Blink                          Translocation                2
   c - Call Imp                       Summoning                    2
   d - Repel Missiles                 Charms/Air                   2
   e - Slow                           Hexes                        2
   f - Conjure Flame                  Conjuration/Fire             3
   g - Mephitic Cloud                 Conjuration/Poison/Air       3
Comestibles
 f - 2 bread rations
 i - a meat ration
 k - a royal jelly


   Skills:
 - Level 2.0 Fighting
 * Level 4.9 Long Blades
 - Level 1.7 Throwing
 - Level 2.6 Dodging


You had one spell level left.
You knew the following spells:

 Your Spells              Type           Power        Failure   Level  Hunger
a - Repel Missiles        Chrm/Air       #.....       100%        2    ###....


Dungeon Overview and Level Annotations

Branches:
Dungeon (4/15)
 Temple: D:4-7

Altars:


Innate Abilities, Weirdness & Mutations

You have sharp toenails.
You are surrounded by a mild repulsion field (EV +2).


Message History

You are too injured to fight recklessly!
You are too injured to fight recklessly!
You are too injured to fight recklessly!
You are too injured to fight recklessly!
You are too injured to fight recklessly!
You are too injured to fight recklessly!
Unknown command.
You hit the worker ant but do no damage.
You claw the worker ant, but do no damage.
* * * LOW HITPOINT WARNING * * *
You feel sick. You block the worker ant's attack.
You closely miss the worker ant.
You claw the worker ant, but do no damage.
* * * LOW HITPOINT WARNING * * *
You feel sick.
The worker ant bites you but does no damage.
The worker ant barely misses you.
You barely miss the worker ant. Your kick misses the worker ant.
The worker ant bites you!
You die...

........# ........#
........# ........#
........# ........#
........#
........##########
...............a@#
....########.##########
....# #..........#
....########..........#
....[.##..............#
....#.##.###..........#
#.###.##.# #..........#
......##.##############
...........#...#


You could see a worker ant.

Vanquished Creatures
  A worker ant (D:3)
  3 adders (D:2)
  3 dart slugs
  An orc (D:3)
  A ball python (D:2)
  7 bats
  4 goblins
  3 hobgoblins
  10 jackals
  A quokka (D:3)
  4 giant newts
  9 kobolds
  3 rats
50 creatures vanquished.

Notes
Turn   | Place    | Note
--------------------------------------------------------------
     0 | D:1      | Goblin1989 the Demonspawn Gladiator began the quest for the Orb.
     0 | D:1      | Reached XP level 1. HP: 16/16 MP: 1/1
     1 | D:1      | Noticed an electric eel
   178 | D:1      | Reached skill level 3 in Long Blades
   475 | D:1      | Gained mutation: You have sharp toenails. [demonic ancestry]
   475 | D:1      | Reached XP level 2. HP: 22/22 MP: 2/2
  1034 | D:2      | Gained mutation: You are surrounded by a mild repulsion field (EV +2). [demonic ancestry]
  1034 | D:2      | Reached XP level 3. HP: 19/27 MP: 3/3
  1562 | D:2      | Reached skill level 4 in Long Blades
  1863 | D:3      | Reached XP level 4. HP: 33/33 MP: 4/4
  1952 | D:3      | Learned a level 2 spell: Repel Missiles
  2457 | D:3      | HP: 1/33 [poisoned by a worker ant]
  2458 | D:3      | Slain by a worker ant

Vault maps used:
D:1:      arrival_aquarium_a
D:3:      first_bread
D:4:      kennysheep_mini, cheibriados_altar_1

Skill      XL: |  1  2  3 |
---------------+----------+-----
Long Blades    | 3 4 |  4.9
Fighting       | |  2.0
Throwing       | |  1.7
Dodging        | |  2.6

Action                   |  1- 3 |  4- 6 || total
-------------------------+-------+-------++-------
Melee: Long sword        |   127 |    80 ||   207
  Use: Scroll            |     2 |       ||     2
  Eat: Beef jerky        |     1 |       ||     1
       Chunk             |     1 |       ||     1
       Pizza             |       |     1 ||     1
